 Dungeon Crawl Stone Soup version 0.30-a0-694-g3340775977 (webtiles) character file.

Game seed: 159145211884066576

20 Drevant2 the Chopper (level 2, 0/24 HPs)
             Began as a Demonspawn Chaos Knight on Jan 20, 2023.
             Was a Plaything of Xom.
             Succumbed to an adder's poison
             ... on level 1 of the Dungeon.
             The game lasted 00:00:48 (647 turns).

Drevant2 the Chopper (Demonspawn Chaos Knight)       Turns: 647, Time: 00:00:49

Health: 0/24       AC:  5    Str: 12    XL:     2   Next: 58%
Magic:  2/2        EV: 11    Int: 13    God:    Xom [..*...]
Gold:   70         SH:  0    Dex: 12    Spells: 1/1 levels left

rFire   . . .      SeeInvis .    a - +0 hand axe (chaos)
rCold   . . .      Faith    .    (no shield)
rNeg    . . .      Spirit   .    b - +2 leather armour
rPois   .          Reflect  .    (no helmet)
rElec   .          Harm     .    (no cloak)
rCorr   .          Rampage  .    (no gloves)
Will    .....                    (no boots)
Stlth   +                        (no amulet)
HPRegen 0.24/turn                (no ring)
MPRegen 0.08/turn                (no ring)

@: lethally poisoned (0 -> -1)
A: claws 1
a: Renounce Religion


You were on level 1 of the Dungeon.
You worshipped Xom.
You were a toy of Xom.
You visited 1 branch of the dungeon, and saw 2 of its levels.

You collected 70 gold pieces.

Inventory:

Hand Weapons
 a - a +0 hand axe of chaos (weapon)
Armour
 b - a +2 leather armour (worn)
Scrolls
 d - a scroll of identify {unknown}
 e - a scroll of enchant armour {unknown}
 f - a scroll of vulnerability {unknown}
 g - a scroll of blinking {unknown}
Miscellaneous
 c - a piece from Xom's chessboard (15/15) (quivered)


   Skills:
 - Level 3.0 Fighting
 + Level 3.6 Axes
 - Level 1.7 Armour
 - Level 0.8 Dodging


You had one spell level left.
You didn't know any spells.
Your spell library was empty.

Dungeon Overview and Level Annotations

Branches:
Dungeon (2/15)

Altars:


Innate Abilities, Weirdness & Mutations

You have sharp fingernails.


Message History

The adder is heavily wounded.
The adder is no longer moving slowly.
The adder bites you.
You are poisoned.
The adder poisons you!
You barely miss the adder.
The adder is heavily wounded.
You feel sick. The adder bites you but does no damage.
You hit the adder. You burn the adder.
The adder is severely wounded.
You feel sick. The adder bites you.
You are more poisoned.
The adder poisons you! The adder bites you.
You are more poisoned.
The adder poisons you!
You hit the adder but do no damage.
The adder is severely wounded.
You feel very sick. The adder bites you.
* * * LOW HITPOINT WARNING * * *
You are too injured to fight recklessly!
It was a potion of cancellation.
You feel magically purged.
Xom roars with laughter!
* * * LOW HITPOINT WARNING * * *
You feel sick. The adder bites you but does no damage.
You hit the adder.
You kill the adder!
* * * LOW HITPOINT WARNING * * *
You feel sick.
* * * LOW HITPOINT WARNING * * *
You feel sick.
* * * LOW HITPOINT WARNING * * *
You feel sick.
* * * LOW HITPOINT WARNING * * *
You feel sick.
* * * LOW HITPOINT WARNING * * *
You feel sick.
* * * LOW HITPOINT WARNING * * *
You feel sick.
You die...
Xom snickers!

#.##.#......#......###.#
#....
#.##.#........#.###.#.##
##### #...............#
##.##
####.####....##.####.####
#.# #.#.###.#.......#
#.##
#.#...#.#.##.##.#####
#..#
#.......#.#.........#
####.#
###.....#.#.......#.#
#....#
#...@.#.#.##....#.#
#....#
#.....#.#.##....#.#
#...##
#...).#.......#.#.# ##.##
#...>.###.##.##.#.# #.#
####### #.........# #.#
######## ####.###### #.#
#......# #.# #.# #.####.#
#.#
#.######.####.######.#


There were no monsters in sight!

Vanquished Creatures
  An adder (D:1)
  A dart slug (D:1)
  A goblin (D:1)
  A kobold (D:1)
  A quokka (D:1)
  2 ball pythons (D:1)
  2 frilled lizards
9 creatures vanquished.

Notes
Turn   | Place    | Note
-------+----------+-------------------------------------------
     0 | D:1      | Drevant2 the Demonspawn Chaos Knight began the quest for
                  | the Orb.
     0 | D:1      | Reached XP level 1. HP: 18/18 MP: 1/1
   288 | D:1      | XOM: divination: magic mapping
   436 | D:1      | Gained mutation: You have sharp fingernails. [demonic
                  | ancestry]
   436 | D:1      | Reached XP level 2. HP: 24/24 MP: 2/2
   645 | D:1      | HP: 1/24 [poisoned by an adder]
   647 | D:1      | Succumbed to an adder's poison

Illustrated notes

Levels and vault maps discovered:
D:1:      nicolae_arrival_memento_mori, layout_loops_cross
D:2:      layout_basic, serial_shops, shop_fountains, basic_altar, uniq_terence

Skill      XL: |  1 |
---------------+----+-----
Axes           | 3 |  3.6
Fighting       | |  3.0
Armour         | |  1.7
Dodging        | |  0.8

Action                   || total
-------------------------++-------
Melee: Hand axe          ||    26
  Use: Potion            ||     1
Armor: Leather armour    ||     7
Dodge: Dodged            ||    11

Table legend: (Time is in decaauts)
 A = Elapsed time spent in this place.
 B = Non-inter-level travel time spent in this place.
 C = Inter-level travel time spent in this place.
 D = Time resting spent in this place.
 E = Time spent auto-exploring this place.
 F = Levels seen in this place.
 G = Mean time per level.
                   A        B        C        D        E       F      G
               +--------+--------+--------+--------+--------+-----+--------+
         Total |    651 |    613 |     38 |      0 |    538 |   2 |  325.5 |
       Dungeon |    651 |    613 |     38 |      0 |    538 |   2 |  325.5 |
               +--------+--------+--------+--------+--------+-----+--------+

Top non-repeatable levels by time:
     D:1: 640 daAuts
     D:2: 10 daAuts
